 Dungeon Crawl Stone Soup version 0.31-a0-185-g9dded2c639 (webtiles) character file.

Game seed: 5454872863153923563

51 qw the Shooter (level 3, 0/20 HPs)
             Began as a Deep Elf Hunter on June 22, 2023.
             Succumbed to their own poison gas
             ... on level 2 of the Dungeon.
             The game lasted 00:00:17 (663 turns).

qw the Shooter (Deep Elf Hunter)                     Turns: 663, Time: 00:00:17

Health: 0/20       AC:  3    Str: 10    XL:     3   Next: 57%
Magic:  5/5        EV: 12    Int: 13    God:
Gold:   89         SH:  0    Dex: 18    Spells: 2/2 levels left

rFire   . . .        Y - +1 shortbow
rCold   . . .        (shield currently unavailable)
rNeg    . . .        c - +0 leather armour
rPois   .            (no helmet)
rElec   .            (no cloak)
rCorr   .            (no gloves)
SInv    .            (no boots)
Will    .....        (no amulet)
Stlth   ++           (no ring)
HPRegen 0.23/turn    (no ring)
MPRegen 0.09/turn

%: no passive effects
@: lethally poisoned (0 -> -11)
A: no striking features
a: no special abilities


You were on level 2 of the Dungeon.
You visited 1 branch of the dungeon, and saw 2 of its levels.

You collected 89 gold pieces.


   Skills:
 - Level 1.5 Fighting
 + Level 7.1 Ranged Weapons
 - Level 2.4 Dodging
 - Level 1.2 Stealth


You had 2 spell levels left.
You didn't know any spells.
Your spell library was empty.

Inventory:

Hand Weapons
 Y - a +1 shortbow (weapon)
Armour
 c - a +0 leather armour (worn)
Scrolls
 k - a scroll of identify
Potions
 d - a potion of cancellation
 j - a potion of mutation {unknown}
 l - a potion of curing {unknown}

Dungeon Overview and Level Annotations

Branches:
Dungeon (2/15)

Altars:
Dithmenos


Message History

It was a scroll of revelation.
Enter note:
Enter note:
Enter note:
Enter note:
Enter note:
653 ||| READING scroll labelled ABBEOK AMNAICU.
As you read the scroll labelled ABBEOK AMNAICU, it crumbles to dust.
It is a scroll of enchant armour.
Really abort (and waste the scroll)?
654 ||| READING 3 scrolls labelled YPLEHAFAEP.
As you read the scroll labelled YPLEHAFAEP, it crumbles to dust.
It is a scroll of identify.
Really abort (and waste the scroll)?
655 ||| READING scroll labelled MAUJOE VAUTH.
As you read the scroll labelled MAUJOE VAUTH, it crumbles to dust.
It is a scroll of enchant weapon.
Your +0 shortbow glows red for a moment.
656 ||| READING 2 scrolls of identify.
As you read the scroll of identify, it crumbles to dust.
d - a potion of cancellation;
656 ||| IDENTIFYING viscous dark potion
657 ||| DROPPING scroll of butterflies.
You drop a scroll of butterflies.
658 ||| DROPPING scroll of poison.
You drop a scroll of poison.
659 ||| DROPPING scroll of noise.
You drop a scroll of noise.
660 ||| DROPPING scroll of revelation.
You drop a scroll of revelation.
(D) Dungeon
Where to? (* - list waypoints, ? - help)
What level of the Dungeon? (default 1, ? - help) Sorry, I don't know how to get there.
Really walk into that cloud of poison gas?
A kobold comes into view. It is wielding a +0 short sword.
You are engulfed in poison gas.
You are poisoned.
You feel very sick.
The kobold shouts!
662 ||| Stepping ~*~*~tactically~*~*~ (cloud).
You feel very sick.
Items here: ????.
You shoot an arrow.
The arrow hits the kobold but does no damage.
You die...

*,*******,,,,,**,,,,,,*,*
*,*..........=+..#,,,,*,***
*,*.####......#...,,,,,,,,,
*,*.####.####.####**#.#,***
*,*.####.####.....,,..#,,,,
*,*....#.#########**#.#,*,,
*,####.#.######### #.#,***
####***,#<00.#K############.#,,,,
....,,,,..00¤0¤¤@00..00.>##.#****
##*****,.0¤¤0..#########.##.# #
**################.##.# #
###############....# #
###############.#### ##
###############.# .#
###############.# '##
###############.# ..# #.#


You could see a kobold.

Vanquished Creatures
  3 adders (D:2)
  4 bats (D:1)
  An endoplasm (D:2)
  3 giant cockroaches (D:1)
  A goblin (D:1)
  2 hobgoblins
  6 kobolds
  A quokka (D:2)
  A ball python (D:1)
  2 frilled lizards
  2 rats (D:1)
26 creatures vanquished.

Notes
Turn   | Place    | Note
-------+----------+-------------------------------------------
     0 | D:1      | qw the Deep Elf Hunter began the quest for the Orb.
     0 | D:1      | Reached XP level 1. HP: 12/12 MP: 3/3
     0 | D:1      | 0 ||| qw: Version: 0.3-a-9-g12657ce
     0 | D:1      | 0 ||| qw: Game counter: 1690
     0 | D:1      | 0 ||| qw: Always use a shield: true
     0 | D:1      | 0 ||| qw: God list: Okawaru
     0 | D:1      | 0 ||| qw: Allow faded altars: false
     0 | D:1      | 0 ||| qw: Do Orc after D:15 true
     0 | D:1      | 0 ||| qw: Do second Lair branch before Depths: true
     0 | D:1      | 0 ||| qw: Lair rune preference: random
     0 | D:1      | 0 ||| qw: Plans: Normal
     0 | D:1      | 0 ||| PLANNING D:1-11
   100 | D:1      | Reached skill level 6 in Ranged Weapons
   100 | D:1      | Reached XP level 2. HP: 16/16 MP: 4/4
   342 | D:1      | You fall into a shaft and drop 1 floor!
   375 | D:2      | Reached XP level 3. HP: 20/20 MP: 5/5
   587 | D:2      | Found a shadowy altar of Dithmenos.
   593 | D:2      | Reached skill level 7 in Ranged Weapons
   649 | D:2      | 649 ||| READING scroll labelled MUENKI HEONO.
   650 | D:2      | 650 ||| READING 2 scrolls labelled ESISTROETICK.
   651 | D:2      | 651 ||| READING 2 scrolls labelled WYLIRCH QUXEVEM.
   652 | D:2      | 652 ||| READING 2 scrolls labelled KIKKOE AWUI.
   653 | D:2      | 653 ||| READING scroll labelled ABBEOK AMNAICU.
   654 | D:2      | 654 ||| READING 3 scrolls labelled YPLEHAFAEP.
   655 | D:2      | 655 ||| READING scroll labelled MAUJOE VAUTH.
   656 | D:2      | 656 ||| READING 2 scrolls of identify.
   656 | D:2      | 656 ||| IDENTIFYING viscous dark potion
   657 | D:2      | 657 ||| DROPPING scroll of butterflies.
   658 | D:2      | 658 ||| DROPPING scroll of poison.
   659 | D:2      | 659 ||| DROPPING scroll of noise.
   660 | D:2      | 660 ||| DROPPING scroll of revelation.
   662 | D:2      | 662 ||| Stepping ~*~*~tactically~*~*~ (cloud).
   662 | D:2      | HP: 3/20 [poisoned by you (poison gas)]
   663 | D:2      | Succumbed to their own poison gas

Levels and vault maps discovered:
D:1:      nzn_arrival_settlement, layout_loops_cross
D:2:      layout_basic, basic_altar, minmay_3d_cube

Skill      XL: |  1  2  3 |
---------------+----------+-----
Ranged Weapons | 6 7 |  7.1
Fighting       | |  1.5
Dodging        | |  2.4
Stealth        | |  1.2

Action                     || total
---------------------------++-------
   Fire: Shortbow          ||    49
    Use: Scroll            ||     8
 Armour: Leather armour    ||     2
  Dodge: Dodged            ||     7

Table legend:
 A = Non-vault XP
 B = Vault XP
 C = Vault XP percentage of total XP
 D = Non-vault monster count
 E = Vault monster count
 F = Vault count percentage of total count
                 A         B        C        D         E       F
            +---------+---------+-------+---------+---------+-------
      Total |      72 |       1 |   1.4 |      25 |       1 |   3.8
            +---------+---------+-------+---------+---------+-------
        D:1 |      24 |       0 |   0.0 |      17 |       0 |   0.0
        D:2 |      48 |       1 |   2.0 |       8 |       1 |  11.1
            +---------+---------+-------+---------+---------+-------
